Map: Blackburn LE

Players

herO - Winner!

  • Race: Protoss Protoss

Lambo

  • Race: Zerg Zerg

Event: TSL 8

VOD

Have the link to the VOD?

Description

Time

  • Played on: Dec. 4, 2021, 9:27 a.m.
  • Length: 10:28

All games in this series

Show
View Real Time Build Order
Export as new Build Order

herO Protoss - Winner!

Build Orders: 1 Gate Expand, Oracle Opening 

Get SALT Encoding   

  12  0:00  Probe  
  13  0:12  Probe  
  14  0:17  Pylon  
  14  0:24  Probe (Chrono Boost)  
  15  0:36  Probe (Chrono Boost)  
  16  0:43  Gateway, Probe (Chrono Boost)  
  16  0:49  Assimilator  
  17  0:51  Probe  
  18  1:03  Probe  
  19  1:15  Probe  
  20  1:27  Nexus  
  20  1:37  Cybernetics Core  
  20  1:40  Probe  
  20  1:44  Assimilator  
  21  1:52  Probe  
  22  1:56  Pylon  
  22  2:04  Probe  
  23  2:11  Adept (Chrono Boost)  
  25  2:16  Probe  
  25  2:18  Stargate  
  26  2:25  Warp Gate  
  26  2:29  Probe (Chrono Boost)  
  27  2:34  Adept  
  29  2:39  Probe (Chrono Boost)  
  31  2:46  Probe (Chrono Boost)  
  31  2:48  Probe (Chrono Boost)  
  32  2:53  Void Ray (Chrono Boost), Probe x2 (Chrono Boost)  
  34  3:05  Pylon  
  38  3:07  Probe  
  38  3:09  Probe  
  40  3:16  Gateway  
  40  3:19  Probe  
  41  3:21  Probe  
  41  3:26  Oracle (Chrono Boost)  
  42  3:31  Probe  
  42  3:33  Probe  
  47  3:36  Assimilator  
  47  3:37  Assimilator  
  47  3:43  Probe  
  47  3:45  Probe  
  49  3:49  Pylon  
  49  3:57  Probe x2  
  49  3:59  Stargate  
  51  4:10  Nexus  
  51  4:15  Oracle  
  54  4:18  Probe  
  54  4:19  Probe  
  56  4:26  Pylon  
  56  4:30  Probe  
  57  4:31  Probe  
  57  4:34  Adept  
  57  4:35  Adept  
  62  4:40  Pylon  
  62  4:44  Probe x2  
  64  4:49  Oracle x2 (Chrono Boost)  
  70  4:57  Shield Battery  
  70  5:01  Probe  
  70  5:02  Probe  
  72  5:14  Probe x2  
  74  5:15  Forge  
  74  5:19  Oracle (Chrono Boost)  
  74  5:20  Oracle (Chrono Boost)  
  77  5:23  Adept  
  77  5:25  Adept  
  77  5:28  Probe x2  
  86  5:38  Shield Battery  
  86  5:40  Shield Battery  
  86  5:43  Pylon  
  86  5:48  Oracle x2 (Chrono Boost)  
  89  5:50  Photon Cannon  
  92  5:58  Pylon x2  
  92  6:01  Zealot x2  
  90  6:20  Oracle (Chrono Boost)  
  90  6:21  Oracle (Chrono Boost)  
  90  6:25  Zealot x2  
  86  6:27  Probe x2  
  86  6:28  Probe  
  86  6:31  Pylon  
  89  6:36  Photon Cannon  
  89  6:39  Shield Battery  
  88  6:46  Zealot x2  
  86  6:55  Oracle x2 (Chrono Boost)  
  86  6:57  Photon Cannon  
  86  7:04  Probe x2  
  86  7:05  Probe  
  89  7:08  Stalker x2  
  89  7:12  Assimilator  
  89  7:14  Assimilator  
  93  7:16  Photon Cannon, Probe x2  
  93  7:17  Probe  
  93  7:18  Shield Battery  
  96  7:26  Photon Cannon  
  96  7:29  Probe x2  
  99  7:30  Probe  
  99  7:32  Pylon  
  99  7:36  Zealot x2  
  103  7:39  Void Ray (Chrono Boost)  
  103  7:43  Stargate  
  103  7:46  Void Ray (Chrono Boost)  
  103  7:51  Pylon  
  107  7:55  Protoss Air Weapons Level 1  
  111  8:00  Probe x2  
  111  8:04  Probe  
  108  8:13  Probe  
  108  8:14  Phoenix (Chrono Boost)  
  108  8:17  Stalker x2  
  108  8:18  Photon Cannon  
  114  8:29  Phoenix (Chrono Boost)  
  114  8:31  Photon Cannon  
  116  8:35  Phoenix x2 (Chrono Boost)  
  116  8:38  Pylon  
  118  8:47  Phoenix (Chrono Boost)  
  118  8:48  Probe  
  121  8:53  Phoenix (Chrono Boost)  
  121  8:54  Phoenix (Chrono Boost)  
  125  8:57  Nexus  
  125  9:02  Probe x2  
  127  9:03  Probe  
  127  9:09  Phoenix (Chrono Boost)  
  126  9:13  Phoenix (Chrono Boost)  
  126  9:14  Phoenix (Chrono Boost)  
  128  9:25  Zealot, Pylon  
  128  9:26  Zealot  
  128  9:28  Pylon  
  128  9:29  Fleet Beacon  
  132  9:43  Phoenix x3  
  132  9:44  Photon Cannon, Shield Battery  
  138  9:50  Probe  
Show
View Real Time Build Order
Export as new Build Order

Lambo Zerg 

Build Orders: Hatch First 

Get SALT Encoding   

  12  0:00  Drone  
  13  0:12  Overlord  
  13  0:18  Drone  
  14  0:31  Drone x2  
  16  0:45  Drone  
  17  0:52  Hatchery  
  17  0:55  Drone  
  17  0:58  Drone  
  18  1:11  Extractor  
  18  1:13  Spawning Pool  
  16  1:19  Drone  
  16  1:21  Drone  
  18  1:30  Drone  
  19  1:39  Drone  
  20  1:53  Overlord  
  20  2:01  Queen  
  22  2:05  Queen  
  22  2:06  Drone  
  22  2:08  Zergling x2  
  26  2:14  Zergling x2  
  26  2:15  Drone  
  28  2:18  Metabolic Boost  
  29  2:22  Drone  
  29  2:25  Drone  
  30  2:37  Hatchery  
  30  2:40  Drone  
  30  2:46  Drone  
  30  2:48  Drone  
  30  2:49  Overlord  
  32  2:58  Queen  
  32  3:00  Spore Crawler  
  32  3:03  Drone  
  35  3:07  Queen  
  35  3:09  Drone  
  38  3:13  Overlord  
  38  3:16  Drone x2  
  38  3:19  Drone  
  41  3:20  Drone  
  41  3:24  Overlord  
  42  3:28  Drone  
  43  3:36  Drone  
  44  3:41  Queen  
  44  3:44  Drone  
  44  3:46  Drone  
  44  3:47  Drone x4  
  52  3:50  Queen  
  52  3:53  Zergling x2  
  54  3:56  Drone x3  
  54  4:01  Drone  
  58  4:03  Spore Crawler  
  58  4:07  Drone  
  58  4:09  Overlord  
  57  4:25  Roach Warren  
  57  4:26  Queen, Extractor  
  57  4:28  Overlord, Extractor  
  57  4:29  Drone  
  57  4:30  Drone x4  
  61  4:32  Spore Crawler  
  61  4:34  Drone  
  61  4:35  Zergling x4  
  61  4:36  Zergling x2  
  64  4:39  Drone, Spore Crawler  
  64  4:42  Zergling x2  
  65  4:46  Lair  
  65  4:47  Drone  
  65  4:51  Zergling x2  
  67  4:56  Overlord  
  67  4:59  Overlord  
  67  5:03  Overlord  
  67  5:09  Roach x3  
  67  5:13  Overlord  
  73  5:14  Overlord  
  73  5:16  Roach x3  
  73  5:20  Roach x2  
  81  5:21  Zergling x2  
  81  5:25  Zergling x4  
  83  5:30  Zergling x8  
  83  5:33  Zergling x2  
  83  5:34  Zergling x4  
  90  5:36  Zergling x2  
  90  5:39  Ravager x3  
  92  5:43  Zergling x8  
  92  5:47  Overseer  
  92  5:48  Zergling x4  
  98  5:50  Ravager  
  98  5:51  Zergling x2  
  98  5:56  Zergling x2  
  101  5:58  Zergling x2  
  100  6:12  Zergling x4  
  100  6:16  Zergling x6  
  100  6:17  Queen x2  
  100  6:20  Queen  
  100  6:21  Zergling x6  
  96  6:27  Spire  
  96  6:28  Extractor  
  96  6:31  Zergling x6  
  87  6:34  Drone  
  87  6:36  Drone  
  80  6:40  Drone  
  80  6:46  Drone x2, Extractor  
  79  6:48  Extractor  
  79  6:50  Drone  
  77  6:57  Drone x2  
  74  7:02  Drone  
  74  7:06  Drone, Queen, Evolution Chamber  
  74  7:07  Queen  
  74  7:09  Hatchery  
  74  7:10  Drone  
  74  7:12  Drone, Spore Crawler  
  74  7:17  Drone x2  
  74  7:22  Drone  
  77  7:29  Drone x2  
  80  7:34  Drone x3, Overlord  
  80  7:37  Zerg Melee Weapons Level 1  
  79  7:46  Mutalisk x6  
  79  7:49  Mutalisk  
  92  7:55  Mutalisk x2  
  92  8:00  Mutalisk x2  
  88  8:06  Mutalisk  
  88  8:15  Mutalisk  
  90  8:25  Mutalisk  
  90  8:26  Drone x9  
  101  8:33  Mutalisk  
  101  8:36  Drone x3  
  101  8:39  Spore Crawler  
  103  8:43  Mutalisk x2  
  103  8:45  Extractor  
  103  8:47  Extractor  
  105  8:51  Zergling x4  
  105  8:54  Mutalisk  
  109  8:57  Zergling x4  
  109  8:58  Drone  
  109  9:02  Drone x3  
  111  9:10  Mutalisk x2  
  111  9:14  Corruptor  
  113  9:19  Corruptor  
  113  9:21  Drone x6  
  109  9:27  Queen  
  109  9:30  Corruptor  
  105  9:36  Corruptor  
  105  9:38  Zergling x4  
  109  9:42  Corruptor  
  111  9:47  Overlord  
  111  9:49  Overlord  
Tags
 
Add a new tag
Caveats
  • Supply blocks, unpowered buildings, or Contaminate may cause inaccurate times.
  • Supply counts are checked every 10 seconds.